 Dungeon Crawl Stone Soup version 0.29.1-2-gbd0b4ee654 (webtiles) character file.

Game seed: 14948121656788388317

2548 KamiKatze the Chopper (level 9, -3/55 HPs)
             Began as a Gargoyle Fighter on Nov 17, 2022.
             Slain by an ogre
             ... wielding a +0 halberd
              (8 damage)
             ... in a bailey.
             The game lasted 00:24:06 (6196 turns).

KamiKatze the Chopper (Gargoyle Fighter)            Turns: 6196, Time: 00:24:07

Health: -3/55      AC: 20    Str: 22    XL:     9   Next: 56%
Magic:  9/9        EV: 10    Int:  9    God:
Gold:   87         SH:  5    Dex: 11    Spells: 8/8 levels left

rFire   . . .      SeeInvis .   S - +4 hand axe
rCold   . . .      Faith    .   c - +0 buckler
rNeg    + . .      Spirit   .   b - +0 scale mail
rPois   ∞          Reflect  .   A - +0 helmet
rElec   +          Harm     .   P - +0 cloak
rCorr   .          Rampage  .   Q - +0 pair of gloves
Will    +....                   y - +1 pair of boots
Stlth   ..........              H - amulet of regeneration
HPRegen 0.98/turn               j - ring of wizardry
MPRegen 0.11/turn               v - ring of willpower

@: no status effects
A: sickness immunity, AC +6, negative energy resistance 1, electricity
resistance, torment resistance 1, petrification resistance
a: no special abilities


You were in a bailey.
You visited 1 branch of the dungeon, and saw 7 of its levels.
You also visited: Sewer and Bailey.

You collected 507 gold pieces.
You spent 420 gold pieces at shops.

Inventory:

Hand Weapons
 a - a +1 war axe
 w - a +2 morningstar
 z - a +0 war axe
 K - a +0 trident of venom
 S - a +4 hand axe (weapon)
Missiles
 C - a throwing net
 D - 6 poisoned darts (quivered)
Armour
 b - a +0 scale mail (worn)
 c - a +0 buckler (worn)
 o - a +0 plate armour
 y - a +1 pair of boots (worn)
 A - a +0 helmet (worn)
 P - a +0 cloak (worn)
 Q - a +0 pair of gloves (worn)
Jewellery
 j - a ring of wizardry (left hand)
 v - a ring of willpower (right hand)
 H - an amulet of regeneration (around neck)
Wands
 L - a wand of flame (21)
 N - a wand of mindburst (20)
Scrolls
 g - 2 scrolls of enchant armour {unknown}
 h - 2 scrolls of amnesia {unknown}
 i - a scroll of fear {unknown}
 k - a scroll of summoning {unknown}
 l - a scroll of silence {unknown}
 m - 8 scrolls of teleportation
 n - a scroll of blinking
 p - a scroll of fog {unknown}
 r - a scroll of enchant weapon
 s - a scroll of vulnerability {unknown}
 u - a scroll of acquirement {unknown}
 E - a scroll of brand weapon {unknown}
 I - a scroll of immolation {unknown}
 M - a scroll of identify
Potions
 d - a potion of might
 e - a potion of brilliance
 f - a potion of magic {unknown}
 q - a potion of cancellation
 t - 3 potions of lignification
 x - a potion of degeneration {unknown}
 B - a potion of haste {unknown}
 F - a potion of mutation
 G - a potion of resistance {unknown}
 J - a potion of heal wounds {unknown}
 O - a potion of attraction {unknown}
 R - a potion of invisibility {unknown}
 T - a potion of flight {unknown}
 U - 5 potions of curing


   Skills:
 + Level 6.1 Fighting
 * Level 6.6 Axes
 - Level 2.0 Throwing
 + Level 6.2 Armour
 + Level 3.7 Dodging
 + Level 6.2 Shields
 - Level 3.0 Evocations


You had 8 spell levels left.
You didn't know any spells.
Your spell library contained the following spells:

 Spells                   Type           Power      Damage    Failure   Level
 Beastly Appendage        Tmut           0%         N/A       43%         1
 Freeze                   Ice            0%         1d3       43%         1
 Magic Dart               Conj           0%         1d3       43%         1
 Shock                    Conj/Air       0%         1d3       43%         1
 Searing Ray              Conj           0%         2d4       56%         2
 Wereblood                Tmut           0%         N/A       56%         2
 Frozen Ramparts          Ice            0%         1d1       80%         3
 Spider Form              Tmut/Pois      0%         N/A       80%         3
 Swiftness                Air            0%         N/A       80%         3
 Airstrike                Air            0%         2d(0-16)  99%         4
 Fulminant Prism          Conj/Hex       0%         3d6       99%         4
 Summon Forest            Summ/Tloc      0%         N/A       100%        5
 Haunt                    Necr/Summ      0%         N/A       100%        7


Dungeon Overview and Level Annotations

Branches:
Dungeon (7/15)              Sewer (visited)          Bailey (1/1)
 Temple: D:4-7

Altars:
Fedhas
Okawaru
The Shining One

Shops:
D:4 (   D:5 ==:


Innate Abilities, Weirdness & Mutations

You are immune to sickness and miasma.
Your stone body is resilient. (AC +6)
You are immune to poison.
You resist negative energy. (rN+)
You are resistant to electric shocks. (rElec)
You are resistant to unholy torment.
You are immune to petrification.


Message History

An ogre comes into view. It is wielding a +0 glaive.
The ogre shouts! x2
You see here a +0 glaive.
Your unstable footing causes you to fumble your attack.
You hit the ogre.
The ogre is lightly wounded.
The ogre hits you with a +0 halberd.
You slash the ogre!
The ogre is heavily wounded.
An ogre comes into view. It is wielding a +0 halberd.
The ogre hits you with a +0 halberd.
You slash the ogre!
The ogre is severely wounded.
You block the ogre's attack.
You closely miss the ogre.
The ogre is severely wounded.
You block the ogre's attack. The ogre hits you with a +0 halberd!
The ogre barely misses you. The ogre barely misses you.
There is a gate leading back out of this place here.
The ogre hits you with a +0 glaive. You block the ogre's attack.
The ogre completely misses you.
You slash the ogre!
The ogre is moderately wounded.
You hit the ogre. The ogre closely misses you.
The ogre hits you from afar with a +0 halberd.
You hit the ogre but do no damage.
The ogre is moderately wounded.
You hit the ogre. The ogre hits you with a +0 glaive!
The ogre hits you but does no damage.
You are too injured to fight recklessly!
You are too injured to fight recklessly!
The ogre attacks as you move away! You block the ogre's attack.
The ogre hits you from afar with a +0 glaive!
* * * LOW HITPOINT WARNING * * *
The ogre hits you from afar with a +0 glaive!
* * * LOW HITPOINT WARNING * * *
There is a gate leading back out of this place here.
The ogre hits you from afar with a +0 halberd!
You die...

#..##♣##♣#..#
#.........#
#.......#
#~~~~~# #~~~~~#
###~~)~~###
##.OOOO....##
##...........##
#....@...∩....#
##...........##
##.........##
###.....###
#######


You could see 4 ogres.

Vanquished Creatures
  Prince Ribbit (D:7)
  Sigmund (D:3)
  A sky beast (D:6)
  3 ice beasts (D:6)
  3 ogres
  An orc warrior (D:6)
  A centaur (D:6)
  5 phantoms
  2 scorpions (D:5)
  2 necrophages
  5 wights
  A hound (D:4)
  An orc priest (D:3)
  3 iguanas
  3 jellies
  13 adders
  3 gnolls (D:2)
  2 river rats (Sewer)
  A shadow imp (D:5)
  2 worms
  2 dart slugs
  11 orcs
  15 ball pythons
  8 endoplasms
  4 giant cockroaches
  8 hobgoblins
  A quokka (D:1)
  3 training dummies (D:4)
  7 bats
  11 frilled lizards
  13 goblins
  6 kobolds
  7 rats
150 creatures vanquished.

Vanquished Creatures (others)
  7 fungi (D:5)
  3 toadstools (D:5)
10 creatures vanquished.

Grand Total: 160 creatures vanquished

Notes
Turn   | Place    | Note
-------+----------+-------------------------------------------
     0 | D:1      | KamiKatze the Gargoyle Fighter began the quest for the Orb.
     0 | D:1      | Reached XP level 1. HP: 14/14 MP: 1/1
   282 | D:1      | Reached XP level 2. HP: 19/19 MP: 2/2
   730 | D:1      | Found a faded altar of an unknown god.
  1277 | D:2      | Reached XP level 3. HP: 23/23 MP: 3/3
  1522 | D:2      | Reached XP level 4. HP: 21/28 MP: 4/4
  1830 | D:2      | Reached skill level 1 in Dodging
  2253 | D:2      | Reached XP level 5. HP: 30/33 MP: 5/5
  2647 | D:3      | Found a blossoming altar of Fedhas.
  2707 | D:3      | Noticed Sigmund
  2728 | D:3      | Killed Sigmund
  2729 | D:3      | Reached skill level 5 in Shields
  2729 | D:3      | Reached XP level 6. HP: 38/38 MP: 6/6
  3127 | D:4      | Reached XP level 7. HP: 38/43 MP: 7/7
  3167 | D:4      | Found Muevueg's Firing Range.
  3370 | D:4      | Found a glowing golden altar of the Shining One.
  3667 | D:5      | Entered Level 5 of the Dungeon
  3734 | D:5      | Found an iron altar of Okawaru.
  3889 | D:5      | Reached skill level 5 in Armour
  3993 | D:5      | Found Sazxo's Book Shoppe.
  4032 | D:5      | Reached XP level 8. HP: 39/48 MP: 8/8
  4053 | D:5      | Found Jikod's Jewellery Emporium.
  4160 | D:5      | Reached skill level 5 in Fighting
  4160 | D:5      | Reached skill level 5 in Axes
  4206 | D:5      | Found Heckena's Jewellery Boutique.
  4272 | D:5      | Bought an amulet of regeneration for 420 gold pieces
  4303 | D:5      | Reached skill level 1 in Throwing
  4588 | D:6      | Found a glowing drain.
  4617 | Sewer    | Entered a sewer
  4942 | D:6      | HP: 2/49 [ogre/+0 giant club (4)]
  4944 | D:6      | Reached skill level 1 in Evocations
  5329 | D:6      | Noticed a seven-headed hydra
  5352 | D:6      | Reached XP level 9. HP: 54/54 MP: 9/9
  5990 | D:6      | Got the Excursus on the Swarm and the Snowflakes
  6038 | D:7      | Noticed Prince Ribbit
  6074 | D:7      | Killed Prince Ribbit
  6151 | D:7      | Found a flagged portal.
  6167 | Bailey   | Entered a bailey
  6196 | Bailey   | Slain by an ogre

Illustrated notes

Levels and vault maps discovered:
D:1:      mushboom_english_gardens, layout_basic,
          hellmonk_ecumenical_altar_arch_garden
D:2:      minmay_razor_zed, layout_loops_ring, minmay_increasing_density
D:3:      layout_loops_ring, lemuel_crystal_altar, uniq_sigmund
D:4:      layout_cave_pools, mainiacjoe_overflow_brackets,
          nicolae_shop_firing_range
D:5:      layout_loops_ring, okawaru_gym_becter, serial_shops,
          nicolae_square_shop, nicolae_shop_behind_doors, shop,
          minmay_gold_behind_fungi, grunt_ministairs_1,
          kennysheep_generic_room_4
D:6:      layout_basic, cheibrodos_sewer_entry_sluice, minmay_divided_ellipse
D:7:      layout_basic, gammafunk_temple_overflow_elements,
          minmay_temple_entry_enclosed_plants, enter_bailey_3,
          uniq_prince_ribbit1
Bailey:   bailey_polearm_enchanted_keep_hellmonk, bailey

Skill      XL: |  1  2  3  4  5  6  7  8  9 |
---------------+----------------------------+-----
Axes           | 2 3 4 5 6 |  6.6
Shields        | 4 5 6 |  6.2
Dodging        | 1 2 3 |  3.7
Armour         | 4 5 6 |  6.2
Fighting       | 4 5 6 |  6.1
Throwing       | 2 |  2.0
Evocations     | 2 3 |  3.0

Action                   |  1- 3 |  4- 6 |  7- 9 || total
-------------------------+-------+-------+-------++-------
Melee: War axe           |   101 |   137 |   291 ||   529
       Hand axe          |       |       |    22 ||    22
  Use: Potion            |       |     2 |     1 ||     3
       Scroll            |       |       |     8 ||     8
Armor: Scale mail        |    73 |    88 |   170 ||   331
Dodge: Dodged            |    36 |    78 |   154 ||   268
Block: Buckler           |    29 |    32 |    86 ||   147
